AoeStats
← Jaime Campbell

Arabia

508332958Analyzed
2v2 RM · 12d ago on Sep 22, 2026· 45m 31s· 4 players
Game mode
Random Map
Map size
Medium (4 player)
Population
200
Speed
Normal
Resources
Standard
Victory
Conquest
Starting age
Dark Age
Ending age
Imperial Age
RankedLock teamsTeams togetherTeam positionsShared explorationLock speedFull tech treeHidden civsTurbo modeCheats
Victory
Defeat
🇨🇱 Bohemians · Chile
958
+12
🇨🇱 Bulgarians · Chile
921
+14
🇺🇸 Cumans · United States
907
-14
🇨🇱 Franks · Chile
843
-12
Jaime Campbell
5:35 Loom
10:06 Feudal Age
11:34 Double-Bit Axe
17:54 Scale Barding Armor
18:58 Forging
20:54 Scale Mail Armor
23:45 Castle Age
23:53 Stone Mining
23:54 Gold Mining
24:57 Chain Barding Armor
26:19 Bow Saw
30:06 Husbandry
30:51 Wheelbarrow
32:04 Hand Cart
34:34 Iron Casting
36:49 Gold Shaft Mining
38:24 Murder Holes
43:42 Imperial Age
45:39 Conscription
dj_gore
11:10 Loom
13:22 Feudal Age
15:10 Gold Mining
16:36 Bloodlines
16:55 Town Watch
18:21 Double-Bit Axe
20:52 Horse Collar
24:55 Castle Age
23:40 Stone Mining
24:40 Padded Archer Armor
24:31 Fletching
25:26 Crossbowman
29:32 Leather Archer Armor
31:13 Gold Shaft Mining
31:59 Heavy Plow
32:14 Bow Saw
33:19 Scale Barding Armor
35:09 Forging
40:06 Imperial Age
39:08 Chain Barding Armor
39:24 Iron Casting
38:51 Scale Mail Armor
39:15 Steppe Husbandry
40:23 Town Patrol
41:24 Conscription
40:41 Elite Steppe Lancer
42:39 Plate Barding Armor
44:40 Murder Holes
eL_MataTan
0:26 Loom
11:34 Feudal Age
12:38 Double-Bit Axe
18:36 Castle Age
17:44 Horse Collar
19:40 Bow Saw
20:53 Heavy Plow
22:42 Wheelbarrow
23:01 Pikeman
25:46 Chemistry
25:08 Ballistics
28:02 Town Watch
29:10 Fletching
29:20 Padded Archer Armor
31:58 Bodkin Arrow
32:18 Leather Archer Armor
39:51 Imperial Age
37:44 Hand Cart
42:16 Bracer
42:31 Leather Archer Armor
42:29 Forging
43:18 Town Patrol
43:52 Ring Archer Armor
43:24 Scale Mail Armor
El Jhon Wick
7:05 Loom
9:33 Feudal Age
10:51 Forging
11:43 Double-Bit Axe
12:34 Arson
16:33 Horse Collar
23:56 Castle Age
22:27 Scale Barding Armor
22:26 Gold Mining
23:42 Bloodlines
25:54 Gold Shaft Mining
25:44 Chain Barding Armor
25:43 Husbandry
26:29 Wheelbarrow
26:23 Bow Saw
29:55 Scale Mail Armor
31:17 Fletching
31:15 Gambesons
32:33 Heavy Plow
33:12 Iron Casting
33:33 Chain Mail Armor
36:47 Stirrups
40:34 Imperial Age
38:25 Stone Mining
38:34 Bodkin Arrow
38:28 Town Watch
41:57 Plate Barding Armor
42:59 Elite Konnik
45:37 Blast Furnace
Connection lost

Rejoining the realm…

Still unreachable

The connection could not be restored.

Session expired

The server has moved on; the page needs a fresh start.